Map: Triton LE

Players

Mez - Winner!

  • Race: Terran Terran
  • League: Master
  • Spawn Location: 5:00

Chadoboy

  • Race: Protoss Protoss
  • League: Diamond
  • Spawn Location: 11:00

VOD

Have the link to the VOD?

Description

Time

  • Played on: Sept. 6, 2019, 1:32 a.m.
  • Length: 13:31
Show
View Real Time Build Order
Export as new Build Order

Mez Terran - Winner!

Build Orders: Reaper Expand 

Get SALT Encoding   

  12  0:00  SCV  
  13  0:13  SCV  
  14  0:19  Supply Depot  
  14  0:25  SCV  
  15  0:41  SCV  
  15  0:42  Barracks  
  16  0:46  Refinery  
  16  0:53  SCV  
  17  1:05  SCV  
  18  1:17  SCV  
  19  1:30  Orbital Command, Reaper  
  20  1:44  Command Center  
  20  1:57  SCV  
  20  2:00  Supply Depot  
  21  2:07  Bunker  
  21  2:09  Marine  
  21  2:10  SCV  
  23  2:22  SCV  
  24  2:29  Barracks Reactor  
  25  2:38  Command Center  
  25  2:42  Factory  
  24  2:46  SCV  
  25  2:57  Orbital Command  
  25  2:59  SCV  
  25  3:02  Refinery  
  26  3:12  Marine x2, SCV  
  29  3:22  SCV  
  29  3:24  SCV  
  31  3:30  Widow Mine  
  31  3:32  Starport  
  33  3:35  Marine x2, SCV  
  33  3:36  SCV  
  37  3:47  SCV  
  37  3:48  SCV  
  39  3:51  Orbital Command  
  39  3:55  Widow Mine, Refinery  
  41  3:59  Marine x2, SCV  
  41  4:00  SCV  
  45  4:08  Starport Tech Lab  
  45  4:10  Barracks  
  45  4:11  SCV  
  45  4:13  Supply Depot  
  45  4:16  SCV  
  47  4:21  Factory Tech Lab  
  47  4:23  SCV, Marine x2  
  50  4:27  Raven  
  50  4:28  Barracks  
  52  4:32  SCV x2  
  54  4:42  SCV, Marine x2  
  54  4:44  SCV  
  58  4:48  Supply Depot  
  58  4:53  Refinery  
  58  4:55  SCV x2  
  60  5:04  SCV  
  60  5:06  Stimpack  
  61  5:07  Marine, SCV  
  61  5:08  Marauder, Factory Reactor, Marine  
  61  5:09  SCV  
  67  5:16  Supply Depot, SCV  
  67  5:21  Engineering Bay x2, SCV x2, Starport Reactor  
  69  5:24  Combat Shield  
  69  5:25  Marauder  
  69  5:26  Marine x2  
  74  5:29  Marine  
  74  5:30  Orbital Command, SCV  
  74  5:33  SCV  
  77  5:45  Supply Depot  
  77  5:46  Barracks  
  77  5:47  Barracks  
  77  5:48  Marine  
  77  5:49  Marauder x2, Supply Depot  
  82  6:00  Widow Mine  
  82  6:02  SCV  
  85  6:07  Widow Mine, Medivac x2, SCV x2  
  85  6:11  Supply Depot  
  93  6:12  Supply Depot, Terran Infantry Armor Level 1, Terran Infantry Weapons Level 1  
  93  6:14  SCV  
  94  6:19  SCV  
  94  6:20  SCV  
  94  6:22  Supply Depot  
  94  6:24  Marauder x2, Marine  
  101  6:32  SCV x2, Marine  
  104  6:33  Widow Mine, Refinery  
  104  6:34  Widow Mine, Barracks Reactor, Barracks Tech Lab  
  104  6:39  Supply Depot  
  108  6:43  Medivac  
  108  6:44  Medivac  
  112  6:50  Marauder, Marine x2  
  112  6:51  Marauder  
  112  6:53  Concussive Shells  
  118  6:54  SCV x2  
  120  7:04  Supply Depot, SCV  
  120  7:05  Supply Depot  
  120  7:06  SCV x2  
  120  7:07  Refinery  
  120  7:08  Marine  
  123  7:09  Widow Mine  
  123  7:10  Widow Mine, Armory  
  128  7:16  SCV  
  128  7:18  SCV x2  
  128  7:19  Marauder  
  133  7:25  Marine x3  
  133  7:26  Marauder x2  
  122  7:45  Marauder, Marine x4  
  122  7:46  Widow Mine x2, Medivac x2  
  122  7:47  Marauder x2  
  140  8:01  Starport  
  140  8:02  Starport, Marine  
  141  8:06  Ghost Academy, SCV x3  
  141  8:09  Supply Depot  
  141  8:11  Command Center  
  141  8:12  Supply Depot  
  144  8:13  Supply Depot  
  144  8:14  Liberator x2  
  144  8:18  Supply Depot, SCV  
  145  8:21  Widow Mine x2  
  145  8:43  Marauder x3, Marine x4  
  145  8:47  Starport Reactor  
  157  8:51  Starport Tech Lab  
  157  8:53  Fusion Core  
  147  8:57  Liberator  
  147  9:02  Marine x4  
  130  9:13  Liberator, Marine x3  
  130  9:14  Liberator x3  
  117  9:27  Planetary Fortress  
  117  9:30  Barracks x3  
  117  9:31  Missile Turret  
  123  9:42  Supply Depot  
  123  9:43  Supply Depot  
  123  9:47  Sensor Tower  
  123  9:48  Marine x2  
  123  9:49  Marauder x3, Marine x2  
  123  9:52  Advanced Ballistics  
  129  9:56  Refinery  
  129  10:05  Refinery  
  129  10:06  Marine x3  
  132  10:15  Liberator x4  
  132  10:19  Barracks Tech Lab x3  
  132  10:35  Command Center  
  147  10:37  Command Center  
  147  10:42  Command Center  
  149  10:51  Marauder x2, Marine x5  
  149  10:56  Liberator  
  162  11:01  Terran Infantry Armor Level 2, Terran Infantry Weapons Level 2  
  159  11:07  Liberator  
  159  11:09  Widow Mine, Marine x4  
  159  11:10  Widow Mine  
  167  11:18  Unknown x3  
  172  11:26  Marauder x6  
  182  11:39  Sensor Tower, Liberator x3  
  184  11:47  Marauder, Orbital Command  
  184  11:54  Orbital Command  
  194  12:09  Enhanced Shockwaves  
  191  12:34  Unknown  
  191  12:35  Unknown  
  161  12:57  Marauder x3, Marine x5  
  161  12:58  Marauder  
Show
View Real Time Build Order
Export as new Build Order

Chadoboy Protoss 

Build Orders: Double Forge, Blink Stalkers, Zealot Archon 

Get SALT Encoding   

  12  0:01  Probe  
  13  0:13  Probe  
  14  0:17  Pylon  
  14  0:24  Probe  
  15  0:32  Probe  
  15  0:38  Gateway  
  15  0:40  Probe  
  16  0:46  Assimilator  
  17  0:51  Probe  
  18  1:03  Probe  
  19  1:14  Pylon  
  19  1:15  Probe  
  20  1:29  Cybernetics Core  
  20  1:35  Probe  
  21  1:47  Probe  
  21  1:54  Nexus  
  22  1:57  Stalker  
  22  1:59  Probe  
  22  2:01  Assimilator  
  23  2:08  Warp Gate  
  25  2:12  Probe  
  25  2:24  Probe  
  25  2:26  Stalker  
  28  2:39  Probe  
  29  2:47  Probe  
  29  2:50  Pylon  
  29  2:55  Twilight Council  
  29  2:57  Probe  
  31  3:06  Probe  
  31  3:07  Probe  
  31  3:08  Sentry  
  35  3:15  Probe x2  
  37  3:23  Blink, Probe  
  37  3:26  Gateway, Probe  
  38  3:28  Gateway  
  39  3:34  Probe  
  40  3:42  Probe  
  40  3:46  Shield Battery, Probe  
  42  3:49  Pylon  
  42  3:55  Robotics Facility  
  42  4:00  Probe x2  
  44  4:03  Pylon  
  44  4:09  Stalker  
  46  4:12  Probe  
  46  4:13  Probe  
  48  4:25  Probe x2, Assimilator  
  48  4:27  Assimilator  
  48  4:31  Stalker x2  
  52  4:35  Pylon  
  52  4:37  Probe x2  
  56  4:47  Observer  
  56  4:49  Probe  
  56  4:52  Forge  
  58  4:53  Probe  
  58  4:59  Forge  
  58  5:01  Probe  
  58  5:06  Nexus  
  59  5:07  Probe  
  59  5:09  Pylon  
  59  5:10  Observer  
  61  5:15  Protoss Ground Weapons Level 1  
  61  5:16  Protoss Ground Armor Level 1  
  61  5:23  Gateway  
  61  5:24  Gateway  
  61  5:30  Charge  
  61  5:32  Observer, Probe x2  
  64  5:41  Stalker  
  66  5:44  Probe x2  
  68  5:56  Probe  
  68  5:57  Probe  
  70  6:04  Pylon  
  70  6:06  Shield Battery  
  70  6:07  Pylon  
  70  6:08  Shield Battery  
  70  6:13  Templar Archives, Pylon  
  70  6:18  Probe  
  70  6:19  Gateway x2, Probe x2  
  70  6:24  Gateway  
  73  6:30  Immortal  
  77  6:44  Robotics Facility  
  77  6:47  Gateway x2  
  77  6:51  Pylon, High Templar  
  77  6:52  High Templar  
  77  6:53  Pylon, Probe x3  
  84  6:57  Archon  
  84  6:59  Zealot  
  84  7:00  Zealot  
  88  7:05  Probe x3  
  91  7:13  Robotics Bay  
  91  7:18  Pylon x2  
  91  7:29  Zealot  
  85  7:30  Zealot x5  
  86  7:43  Zealot x4  
  86  7:45  Immortal  
  86  7:49  Protoss Ground Weapons Level 2  
  86  7:51  High Templar x2  
  88  7:52  Stalker x3  
  88  7:53  Observer, Stalker  
  88  7:55  Archon  
  98  8:04  Zealot x4  
  106  8:06  Probe  
  106  8:07  Probe x2  
  106  8:10  Assimilator  
  106  8:12  Assimilator  
  109  8:18  Probe  
  109  8:19  Protoss Ground Armor Level 2, Probe  
  103  8:47  Zealot x5  
  103  8:48  Zealot x4  
  117  8:49  Zealot  
  107  9:05  Colossus x2  
  107  9:08  Zealot x6  
  125  9:12  Probe x2  
  123  9:18  Extended Thermal Lance  
  120  9:32  Probe x3  
  120  9:36  Nexus  
  120  9:38  Pylon  
  122  9:44  Probe  
  113  9:58  Protoss Ground Weapons Level 3  
  113  9:59  Warp Prism  
  115  10:02  Colossus  
  121  10:07  High Templar x2  
  121  10:10  High Templar x2  
  121  10:11  Zealot x4  
  121  10:12  Zealot x2  
  141  10:16  Archon x2  
  141  10:20  Pylon  
  141  10:23  Pylon  
  141  10:29  Assimilator  
  141  10:31  Assimilator  
  141  10:34  Colossus  
  141  10:35  Pylon  
  147  10:37  Pylon  
  147  10:44  High Templar  
  147  10:45  Zealot x3, High Templar  
  147  10:48  Archon  
  157  11:05  Stalker x3  
  157  11:06  Stalker  
  165  11:29  Zealot x5  
  165  11:30  Zealot x5  
  177  12:03  High Templar x2  
  177  12:04  High Templar x2  
  177  12:05  Zealot x4  
  177  12:06  Zealot  
  177  12:08  Archon x2  
  191  12:37  Nexus  
  191  12:40  Pylon  
  147  12:51  Stalker  
  147  12:52  Stalker x5  
  147  12:53  Stalker x4  
Tags
 
Add a new tag
Caveats
  • Supply blocks, unpowered buildings, or Contaminate may cause inaccurate times.
  • Supply counts are checked every 10 seconds.